 Dungeon Crawl Stone Soup version 0.21.1-1-g345015f (webtiles) character file.

997 JeffiDaFish the Skirmisher (level 7, -7/66 HPs)
             Began as a Black Draconian Chaos Knight on Feb 20, 2018.
             Killed themself with a badly aimed orb of electricity (10 damage)
             ... on level 5 of the Dungeon.
             The game lasted 00:11:54 (4154 turns).

JeffiDaFish the Skirmisher (DrCK)                   Turns: 4154, Time: 00:11:56

Health: -7/66      AC:  9    Str: 20    XL:     7   Next: 99%
Magic:  7/7        EV: 10    Int: 13    God:    Xom [.*....]
Gold:   347        SH:  9    Dex: 11    Spells: 6/6 levels left

rFire    . . .     SeeInvis .   a - +0 falchion (chaos)
rCold    . . .     Gourm    .   l - +0 shield
rNeg     . . .     Faith    .   (armour unavailable)
rPois    .         Spirit   .   (helmet restricted)
rElec    +         Reflect  .   g - +0 cloak
rCorr    .         Harm     .   c - +1 pair of gloves
MR       .....                  (no boots)
Stlth    ++........             (no amulet)
HPRegen  0.21/turn              j - ring of stealth
MPRegen  0.10/turn              (no ring)

@: mighty
A: breathe lightning, unfitting armour, electricity resistance, cold-blooded, AC
+6
a: Breathe Lightning, Renounce Religion


You were on level 5 of the Dungeon.
You worshipped Xom.
You were a plaything of Xom.
You were not hungry.

You visited 1 branch of the dungeon, and saw 5 of its levels.

You collected 347 gold pieces.

Inventory:

Hand Weapons
 a - a +0 falchion of chaos (weapon)
 e - a +2 quarterstaff of chaos
Armour
 c - a +1 pair of gloves (worn)
 g - a +0 cloak (worn)
 l - a +0 shield (worn)
Jewellery
 j - a ring of stealth (left hand)
Wands
 f - a wand of polymorph (9)
 h - a wand of disintegration (15)
Scrolls
 d - 2 scrolls of teleportation
 k - a scroll of magic mapping
Comestibles
 b - 5 rations
 i - a chunk of flesh


   Skills:
 - Level 7.0 Fighting
 + Level 6.0 Long Blades
 - Level 2.2 Dodging
 * Level 4.8 Shields


You had 6 spell levels left.
You didn't know any spells.

Dungeon Overview and Level Annotations

Branches:
Dungeon (5/15)
 Temple: D:4-7

Altars:
Kikubaaqudgha
Nemelex Xobeh
Okawaru
Ru
Wu Jian


Innate Abilities, Weirdness & Mutations

You can breathe wild blasts of lightning.
Your glossy black scales are hard. (AC +6)
You cannot fit into any form of body armour.
You are resistant to electric shocks. (rElec)
You are cold-blooded and may be slowed by cold attacks.


Message History

* * * LOW HITPOINT WARNING * * *
Something burns you.
* * * LOW HITPOINT WARNING * * *
You miss something.
Your tail-slap misses something.
Something hits you but does no damage.
You hit something. Something hits you but does no damage.
You hit something. You freeze something. Something hits you but does no damage.
Something hits you.
* * * LOW HITPOINT WARNING * * *
Something burns you.
* * * LOW HITPOINT WARNING * * *
You breathe a wild blast of lightning!
The orb of electricity explodes! x2
The orb of electricity engulfs something.
Reactivating autopickup.
Your Long Blades skill increases to level 6!
Your Shields skill gained 2 levels and is now at level 4!
You feel a bit more experienced. The orb of electricity engulfs you!
You resist.
You die...
Xom giggles madly!

... #######... #
##.......######## #
........##.....# #
#......# #.....# #
#+###......###.....#
###
#....[[)...#.'.....#
#..
#...@[..#.#.....###.#
#.#######.#......##.#
#.......#.#..(...##.#
#######.#.#......##.#
#...######.##.. #####
#.#### #.##.. #.##.#
#....#


There were no monsters in sight!

Vanquished Creatures
  Pikel (D:5)
  Grinder (D:4)
  2 slaves (D:5)
  A bullfrog (D:4)
  A howler monkey (D:3)
  A jelly (D:1)
  Crazy Yiuf (D:4)
  A worker ant (D:4)
  2 hound skeletons (D:4)
  Robin (D:2)
  2 adders
  5 oozes
  3 worms
  A dart slug (D:1)
  5 leopard geckos
  An orc (D:4)
  3 giant cockroaches (D:1)
  19 goblins
  4 hobgoblins
  3 jackals
  A ball python (D:1)
  3 bats
  4 frilled lizards
  5 kobolds
  8 rats
79 creatures vanquished.

Vanquished Creatures (collateral kills)
  A swamp drake (shapeshifter) (D:4)
  2 slaves (D:5)
3 creatures vanquished.

Grand Total: 82 creatures vanquished

Notes
Turn   | Place    | Note
-------+----------+-------------------------------------------
     0 | D:1      | JeffiDaFish the Draconian Chaos Knight began the quest for the Orb.
     0 | D:1      | Reached XP level 1. HP: 19/19 MP: 1/1
     0 | D:1      | Noticed a jelly
     1 | D:1      | Found a runed door.
   133 | D:1      | Reached XP level 2. HP: 24/26 MP: 2/2
   313 | D:1      | XOM: harmless Chrm miscast
   420 | D:1      | Reached skill level 4 in Fighting
   476 | D:1      | XOM is BORED!
   476 | D:1      | XOM: noise
   612 | D:1      | Reached XP level 3. HP: 27/33 MP: 3/3
   628 | D:1      | XOM: harmless Summ miscast
   632 | D:1      | Reached XP level 4. HP: 29/41 MP: 4/4
   953 | D:1      | XOM: scenery: 2 fountains blood, 2 doors open, 1 doors close
  1058 | D:1      | XOM: medium Fire miscast
  1274 | D:2      | Reached skill level 5 in Fighting
  1301 | D:2      | Noticed Robin
  1314 | D:2      | Killed Robin
  1697 | D:2      | XOM: divination: detect creatures
  1707 | D:2      | Reached XP level 5. HP: 48/48 MP: 5/5
  2098 | D:3      | Found a sparkling altar of Nemelex Xobeh.
  2125 | D:3      | XOM: confusion
  2176 | D:3      | XOM: summons 3 hostile shadow creatures
  2522 | D:3      | Found an ancient bone altar of Kikubaaqudgha.
  2760 | D:3      | Found an iron altar of Okawaru.
  2843 | D:4      | Found an ornate altar of the Wu Jian Council.
  2867 | D:4      | Found a sacrificial altar of Ru.
  2867 | D:4      | Found a transporter.
  2873 | D:4      | Found a transporter.
  2949 | D:4      | Reached skill level 6 in Fighting
  2949 | D:4      | Reached XP level 6. HP: 38/57 MP: 6/6
  2962 | D:4      | Noticed Grinder
  2963 | D:4      | Noticed a swamp drake
  2963 | D:4      | a hound changed into a swamp drake
  2963 | D:4      | XOM: polymorph hound -> swamp drake
  2964 | D:4      | XOM: noise
  2967 | D:4      | XOM: summons 6 friendly demons
  2975 | D:4      | Killed a swamp drake
  2987 | D:4      | Paralysed by Grinder for 7 turns
  3603 | D:4      | Found a runed door.
  3607 | D:4      | Noticed Crazy Yiuf
  3610 | D:4      | Killed Crazy Yiuf
  3674 | D:4      | XOM: noise
  3702 | D:4      | Paralysed by Grinder for 5 turns
  3714 | D:4      | Killed Grinder
  3714 | D:4      | Reached skill level 7 in Fighting
  3714 | D:4      | Reached skill level 5 in Long Blades
  3714 | D:4      | Your scales start taking on a glossy black colour.
  3714 | D:4      | Reached XP level 7. HP: 29/66 MP: 7/7
  3714 | D:4      | Gained mutation: You are resistant to electric shocks. (rElec) [Black Draconian growth]
  4009 | D:4      | XOM: cleaving
  4085 | D:5      | Entered Level 5 of the Dungeon
  4132 | D:5      | Noticed Pikel
  4135 | D:5      | XOM: cast spell 'Summon Hydra'
  4153 | D:5      | HP: 3/66 [something (2)]
  4154 | D:5      | Killed Pikel
  4154 | D:5      | Killed themself with a badly aimed orb of electricity

Skill      XL: |  1  2  3  4  5  6  7 |
---------------+----------------------+-----
Fighting       | 4 5 6 7 |  7.0
Long Blades    | 4 5 6 |  6.0
Shields        | 2 4 |  4.8
Dodging        | |  2.2

Action                   |  1- 3 |  4- 6 |  7- 9 || total
-------------------------+-------+-------+-------++-------
Melee: Falchion          |    79 |   185 |    21 ||   285
       Tailslap          |     9 |    23 |     2 ||    34
 Abil: Breathe Lightning |       |       |     1 ||     1
  Use: Scroll            |     6 |     6 |     1 ||    13
       Potion            |     2 |     7 |     1 ||    10
 Stab: Confused          |     1 |       |       ||     1
       Paralysed         |     1 |     2 |       ||     3
       Sleeping          |       |     2 |       ||     2
       Petrified         |       |     8 |       ||     8
  Eat: Chunk             |       |     7 |       ||     7
       Ration            |       |     1 |       ||     1
Armor: Skin              |    15 |    68 |     8 ||    91
Dodge: Dodged            |    43 |   111 |    15 ||   169
Block: Shield            |       |       |     8 ||     8
       Rpst.: Falchion   |    15 |    28 |     8 ||    51
